 Dungeon Crawl Stone Soup version 0.21.1-1-g345015fe64 (webtiles) character file.

25 PikkenKukken the Grave Robber (level 2, 0/19 HPs)
             Began as a Demonspawn Necromancer on June 22, 2018.
             Slain by a howler monkey (6 damage)
             ... on level 1 of the Dungeon.
             The game lasted 00:05:34 (1839 turns).

PikkenKukken the Grave Robber (DsNe)                Turns: 1839, Time: 00:05:35

Health: 0/19       AC:  2    Str:  8    XL:     2   Next: 82%
Magic:  3/5        EV: 12    Int: 16    God:
Gold:   51         SH:  0    Dex: 13    Spells: 3/5 levels left

rFire    . . .     SeeInvis .   h - +2 dagger (drain)
rCold    . . .     Gourm    .   (no shield)
rNeg     . . .     Faith    +   a - +0 robe
rPois    .         Spirit   .   (no helmet)
rElec    .         Reflect  .   (no cloak)
rCorr    .         Harm     .   (no gloves)
MR       .....                  (no boots)
Stlth    ++........             d - amulet of faith
HPRegen  0.06/turn              (no ring)
MPRegen  0.09/turn              (no ring)

@: very slightly contaminated
A: spiny 1
a: no special abilities


You were on level 1 of the Dungeon.
You were very hungry.

You visited 1 branch of the dungeon, and saw 2 of its levels.

You collected 51 gold pieces.

Inventory:

Hand Weapons
 e - a +0 dagger
 h - a +2 dagger of draining (weapon)
Armour
 a - a +0 robe (worn)
Jewellery
 d - an amulet of faith (around neck)
Scrolls
 f - 3 scrolls of identify
 g - a scroll of remove curse
 j - a scroll of teleportation {unknown}
Potions
 k - a potion of invisibility {unknown}
Books
 b - a book of Necromancy

   Spells                             Type                      Level
   a - Pain                           Necromancy                   1
   b - Animate Skeleton               Necromancy                   1
   c - Vampiric Draining              Necromancy                   3
   d - Regeneration                   Charms/Necromancy            3
   e - Animate Dead                   Necromancy                   4
   f - Borgnjor's Vile Clutch         Necromancy/Earth             5
Comestibles
 c - 2 rations


   Skills:
 + Level 1.9 Dodging
 - Level 1.8 Stealth
 + Level 2.4 Spellcasting
 + Level 5.0 Necromancy


You had 3 spell levels left.
You knew the following spells:

 Your Spells              Type           Power        Failure   Level  Hunger
a - Pain                  Necr           ###.         2%          1    #......
b - Animate Skeleton      Necr           N/A          2%          1    #......


Dungeon Overview and Level Annotations

Branches:
Dungeon (2/15)

Altars:


Innate Abilities, Weirdness & Mutations

You are partially covered in sharp spines.


Message History

Casting: Animate Skeleton
Confirm with . or Enter, or press ? or * to list all spells.
Aiming: Pain
Press: ? - help, Shift-Dir - straight line, f - hobgoblin
Aim: a hobgoblin (heavily wounded, chance to defeat MR: 87%)
The hobgoblin writhes in agony!
You kill the hobgoblin!
Casting: Pain
Confirm with . or Enter, or press ? or * to list all spells.
Aiming: Pain
Press: ? - help, Shift-Dir - straight line, f - howler monkey
Aim: a howler monkey (moderately wounded, catching its breath, chance to defeat MR: 84%)
You miscast Pain.
You are very lightly contaminated with residual magic.
Nothing appears to happen.
The howler monkey is struck by your spines.
The howler monkey closely misses you.
The howler monkey is struck by your spines.
The howler monkey hits you.
You die...

#........#####.# #.#.# #.####
#............#.# #.#.# #....#
#............#.###.#.########.#
######.......#.#...#.##.....#.#
#....#.......#.#.###.##.###.#.#
###....#.......#.#.....##.#.....#
.......)........>########.#.#.###
..#....#.......#h# #.#.#....
..#....#########@# #.#.#####
..#....#########.########.#......
..#.#Z......................#####
###.#..#########.########.#######
#.#..#####.......# #...........
#.#.....##.###...# #.#.########
#.#.....##.# ##..# #.#.#
#Z#.....##.# #..###.#.#
#.#.....##.# ##.....#.#


You could see a howler monkey.

Vanquished Creatures
  A dart slug (D:1)
  A leopard gecko (D:1)
  A giant cockroach (D:1)
  4 goblins (D:1)
  3 hobgoblins (D:1)
  A kobold (D:1)
  2 ball pythons (D:1)
  3 bats (D:1)
  2 frilled lizards (D:1)
  A rat (D:1)
19 creatures vanquished.

Vanquished Creatures (collateral kills)
  A goblin (D:1)
1 creature vanquished.

Grand Total: 20 creatures vanquished

Notes
Turn   | Place    | Note
-------+----------+-------------------------------------------
     0 | D:1      | PikkenKukken the Demonspawn Necromancer began the quest for the Orb.
     0 | D:1      | Reached XP level 1. HP: 13/13 MP: 3/3
   538 | D:1      | Gained mutation: You are partially covered in sharp spines. [demonic ancestry]
   538 | D:1      | Reached XP level 2. HP: 19/19 MP: 3/5
   541 | D:1      | Learned a level 1 spell: Animate Skeleton
  1527 | D:1      | Reached skill level 5 in Necromancy
  1820 | D:2      | Noticed a howler monkey
  1839 | D:1      | Slain by a howler monkey

Skill      XL: |  1  2 |
---------------+-------+-----
Necromancy     | 5 |  5.0
Dodging        | |  1.9
Stealth        | |  1.8
Spellcasting   | |  2.4

Action                   || total
-------------------------++-------
Melee: Dagger            ||    16
 Cast: Pain              ||    21
       Animate Skeleton  ||     4
  Use: Potion            ||     1
       Scroll            ||     1
 Stab: Sleeping          ||     1
  Eat: Chunk             ||     2
Armor: Robe              ||     3
Dodge: Dodged            ||    15
